Map: [ESL] Tropical Sacrifice

Players

Rhizer

  • Race: Protoss Protoss
  • Spawn Location: 7:00

Aristori - Winner!

  • Race: Zerg Zerg
  • Spawn Location: 1:00

Event: DreamHack SC2 Masters 2022 Valencia

VOD

Have the link to the VOD?

Description

Time

  • Played on: July 1, 2022, 6:17 a.m.
  • Length: 13:20

All games in this series

Show
View Real Time Build Order
Export as new Build Order

Rhizer Protoss 

Build Orders: 1 Gate Expand, Oracle Opening, Archon Immortal 

Get SALT Encoding   

  12  0:00  Probe  
  13  0:12  Probe  
  14  0:21  Pylon  
  14  0:24  Probe  
  15  0:40  Probe (Chrono Boost)  
  16  0:43  Gateway  
  16  0:48  Probe (Chrono Boost)  
  17  0:51  Assimilator  
  17  0:54  Probe  
  18  1:07  Probe  
  19  1:19  Probe  
  20  1:32  Nexus  
  20  1:40  Cybernetics Core  
  20  1:43  Probe  
  21  1:49  Assimilator  
  21  1:55  Probe  
  21  2:00  Pylon  
  22  2:08  Probe  
  23  2:15  Adept (Chrono Boost)  
  23  2:20  Probe  
  26  2:25  Stargate  
  26  2:32  Probe  
  26  2:34  Warp Gate  
  26  2:35  Adept (Chrono Boost)  
  29  2:44  Probe x2  
  31  2:56  Probe  
  31  2:57  Probe  
  33  3:08  Probe  
  33  3:12  Void Ray (Chrono Boost)  
  38  3:13  Probe  
  38  3:17  Pylon  
  39  3:21  Probe  
  39  3:25  Probe  
  41  3:33  Probe  
  42  3:37  Probe  
  42  3:39  Oracle (Chrono Boost)  
  46  3:42  Gateway  
  46  3:45  Probe  
  47  3:56  Nexus  
  47  3:58  Probe  
  47  4:00  Probe  
  49  4:05  Pylon  
  49  4:10  Probe  
  49  4:13  Assimilator  
  49  4:14  Oracle (Chrono Boost)  
  50  4:17  Assimilator  
  50  4:19  Probe  
  50  4:24  Pylon, Probe  
  55  4:31  Probe  
  55  4:32  Shield Battery  
  55  4:36  Probe  
  57  4:43  Probe  
  57  4:44  Robotics Facility  
  58  4:46  Forge  
  58  4:48  Probe  
  59  4:56  Probe (Chrono Boost)  
  59  4:58  Sentry x2  
  64  5:00  Probe (Chrono Boost)  
  64  5:05  Pylon  
  66  5:07  Probe (Chrono Boost)  
  66  5:10  Probe (Chrono Boost)  
  66  5:12  Probe (Chrono Boost)  
  69  5:16  Twilight Council, Probe (Chrono Boost)  
  69  5:20  Probe x2 (Chrono Boost)  
  71  5:24  Probe (Chrono Boost)  
  71  5:25  Probe (Chrono Boost)  
  71  5:26  Probe  
  74  5:29  Protoss Ground Weapons Level 1 (Chrono Boost)  
  74  5:34  Observer, Probe  
  73  5:36  Probe  
  73  5:38  Probe  
  75  5:46  Probe  
  75  5:48  Probe  
  75  5:49  Assimilator  
  76  5:50  Probe  
  76  5:51  Assimilator  
  76  5:52  Immortal (Chrono Boost)  
  76  5:56  Charge  
  81  5:58  Probe  
  81  5:59  Templar Archives  
  81  6:00  Probe  
  81  6:03  Pylon, Probe  
  83  6:10  Probe  
  84  6:13  Probe  
  84  6:15  Probe  
  84  6:16  Gateway  
  84  6:18  Gateway  
  86  6:20  Pylon  
  86  6:23  Pylon  
  86  6:24  Immortal (Chrono Boost)  
  90  6:36  Psionic Storm  
  90  6:39  Gateway  
  90  6:41  Gateway  
  90  6:43  Gateway  
  90  6:45  Gateway  
  90  6:47  Photon Cannon  
  90  6:58  Photon Cannon  
  90  6:59  Warp Prism (Chrono Boost)  
  92  7:02  Photon Cannon  
  92  7:04  Photon Cannon, Stargate  
  92  7:05  High Templar  
  92  7:06  High Templar  
  96  7:08  Pylon  
  96  7:15  Photon Cannon  
  96  7:17  Pylon  
  96  7:18  Phoenix  
  98  7:22  High Templar  
  98  7:23  High Templar  
  102  7:45  Nexus, Probe  
  102  7:46  Pylon  
  102  7:49  Observer  
  103  7:51  High Templar x2  
  103  7:52  Zealot x4  
  103  7:55  Archon  
  103  7:56  Immortal (Chrono Boost)  
  115  8:01  Protoss Ground Weapons Level 2 (Chrono Boost)  
  115  8:03  Probe  
  115  8:04  Probe  
  121  8:07  Shield Battery  
  121  8:08  Pylon  
  121  8:17  High Templar x2, Zealot x2  
  121  8:18  Zealot x2  
  133  8:20  Probe  
  133  8:22  Archon  
  134  8:30  Immortal (Chrono Boost)  
  138  8:35  Probe  
  138  8:37  Assimilator  
  138  8:41  Assimilator  
  139  8:44  Photon Cannon  
  139  8:47  Photon Cannon  
  139  8:49  Pylon  
  139  8:50  High Templar  
  139  8:54  Phoenix x2  
  145  8:59  Stalker x2  
  145  9:00  Stalker  
  147  9:12  Stalker x3  
  153  9:23  Phoenix x2  
  153  9:33  Probe x2  
  153  9:37  Zealot  
  157  9:38  Zealot x3  
  149  9:46  Zealot x2  
  149  9:48  Phoenix x2  
  151  9:54  Immortal  
  151  9:55  Pylon  
  151  9:56  Pylon  
  151  10:05  Probe x2  
  153  10:09  Gateway  
  153  10:10  High Templar x2  
  153  10:11  High Templar, Zealot  
  153  10:12  High Templar  
  153  10:14  Archon, Gateway, Zealot  
  165  10:15  Gateway  
  165  10:16  Archon  
  165  10:19  Gateway  
  165  10:33  Zealot x3  
  171  10:36  Pylon  
  171  10:37  Pylon, Zealot  
  171  10:39  Pylon  
  170  10:43  Zealot x3  
  170  10:49  Phoenix  
  92  10:50  Phoenix  
  172  11:00  Gateway  
  172  11:03  Gateway  
  162  11:04  High Templar x4  
  168  11:18  Phoenix (Chrono Boost)  
  157  11:21  Warp Prism  
  150  11:29  Zealot x4  
  155  11:37  Probe  
  154  11:40  Fleet Beacon  
  154  11:42  Stargate  
  154  11:43  Probe x2  
  154  11:45  Pylon, Probe  
  156  11:49  Probe  
  156  11:50  Nexus  
  156  11:51  Pylon  
  156  12:05  Probe x2  
  156  12:07  Probe  
  156  12:08  Probe  
  156  12:11  High Templar x8  
  156  12:17  Probe x2  
  156  12:20  Probe, Immortal (Chrono Boost)  
  117  12:32  Zealot x3  
  123  12:43  Zealot x7  
  123  12:44  Zealot  
  127  12:45  Archon x2  
  127  12:46  Archon  
  117  12:53  Zealot x2  
  117  12:58  Zealot  
  103  13:10  Zealot x6  
  103  13:11  Zealot  
Show
View Real Time Build Order
Export as new Build Order

Aristori Zerg - Winner!

Build Orders: Hatch First 

Get SALT Encoding   

  12  0:00  Drone  
  13  0:12  Overlord  
  13  0:17  Drone  
  14  0:31  Drone x2  
  16  0:44  Drone  
  17  0:54  Hatchery  
  17  0:57  Drone  
  17  1:00  Drone  
  18  1:11  Extractor  
  17  1:16  Spawning Pool  
  16  1:19  Drone  
  16  1:22  Drone  
  18  1:30  Drone  
  19  1:39  Drone  
  20  1:50  Overlord  
  20  2:02  Queen  
  20  2:05  Queen  
  20  2:06  Zergling x2  
  20  2:07  Zergling x2  
  26  2:15  Metabolic Boost  
  26  2:17  Drone x2  
  28  2:23  Drone  
  28  2:28  Drone  
  30  2:40  Drone x2  
  30  2:41  Queen  
  34  2:51  Hatchery  
  34  2:56  Overlord  
  33  3:01  Drone x2  
  34  3:10  Zergling x4  
  36  3:17  Drone  
  36  3:18  Drone x4  
  41  3:22  Queen  
  42  3:28  Overlord  
  42  3:30  Overlord  
  42  3:41  Spore Crawler  
  42  3:42  Drone x2  
  42  3:45  Queen  
  42  3:46  Overlord  
  45  3:51  Drone x2  
  45  3:52  Drone  
  48  4:03  Overlord  
  48  4:04  Drone x5  
  53  4:10  Queen  
  53  4:14  Drone x2  
  57  4:19  Overlord  
  57  4:20  Zergling x2  
  57  4:21  Zergling x2  
  57  4:22  Drone  
  60  4:28  Overlord  
  60  4:33  Spore Crawler  
  60  4:35  Spore Crawler  
  60  4:36  Drone x2  
  60  4:37  Drone x2  
  62  4:49  Drone  
  62  4:50  Drone x4  
  67  4:58  Drone x4  
  70  5:02  Lair  
  70  5:05  Roach Warren  
  70  5:06  Evolution Chamber  
  68  5:11  Overlord  
  68  5:15  Drone x6  
  74  5:23  Extractor x2  
  74  5:26  Drone x8  
  77  5:31  Zerg Missile Weapons Level 1  
  77  5:35  Drone  
  77  5:36  Drone x4  
  77  5:41  Overlord  
  82  5:43  Drone x2  
  84  5:52  Extractor  
  84  5:53  Extractor  
  81  5:57  Drone x5  
  85  6:07  Extractor  
  83  6:11  Hatchery  
  83  6:13  Overlord  
  83  6:14  Overlord  
  83  6:15  Drone x3  
  85  6:28  Spire  
  83  6:35  Drone x11  
  94  6:41  Roach x2  
  94  6:42  Glial Reconstitution  
  98  6:51  Roach  
  98  6:52  Roach x6  
  112  6:54  Overlord  
  112  6:58  Overlord x2  
  112  7:02  Overlord x2  
  112  7:04  Overlord x2  
  112  7:18  Roach x7  
  126  7:24  Zergling x8  
  126  7:28  Spore Crawler  
  126  7:29  Overlord x2  
  129  7:38  Zergling x10  
  129  7:43  Extractor x2  
  132  7:48  Mutalisk  
  132  7:49  Mutalisk x8  
  148  7:53  Mutalisk  
  150  8:01  Roach x6  
  162  8:09  Overlord  
  164  8:13  Roach x3  
  164  8:19  Ravager x3  
  171  8:22  Roach x2, Hatchery  
  171  8:26  Overlord  
  171  8:27  Overlord  
  173  8:29  Ravager  
  173  8:30  Roach x2  
  173  8:31  Zergling x8  
  173  8:32  Zergling x6  
  185  8:40  Roach x5  
  194  8:45  Overlord  
  194  8:49  Ravager x4  
  194  8:51  Overlord  
  198  9:00  Overlord  
  198  9:12  Overlord x2  
  166  9:24  Roach x14  
  181  9:43  Roach x11  
  192  9:48  Zergling x4  
  192  9:49  Zergling x18  
  173  9:59  Hydralisk Den  
  160  10:01  Infestation Pit, Zergling x2  
  160  10:02  Zergling x14  
  167  10:10  Ravager x2  
  167  10:11  Ravager x5  
  167  10:14  Ravager x6  
  180  10:15  Roach x2  
  180  10:16  Zergling x8  
  180  10:17  Zergling x6  
  153  10:59  Overlord x2  
  153  11:01  Roach x13  
  173  11:06  Roach x9  
  173  11:07  Roach x2  
  177  11:19  Roach x3  
  177  11:20  Roach x7  
  168  11:27  Drone x5  
  156  11:34  Ravager x7  
  156  11:35  Roach  
  156  11:36  Roach x4  
  170  11:42  Ravager  
  170  11:43  Drone x4  
  173  11:51  Roach  
  173  11:52  Roach x7  
  189  11:55  Zergling x20  
  199  12:02  Zergling x6  
  167  12:18  Roach  
  167  12:19  Roach x8  
  172  12:28  Roach x5  
  168  12:45  Zergling x16  
  168  12:46  Zergling x16  
  151  12:59  Roach  
  151  13:00  Roach x8  

Tags
 
Add a new tag
Caveats
  • Supply blocks, unpowered buildings, or Contaminate may cause inaccurate times.
  • Supply counts are checked every 10 seconds.